 Dungeon Crawl Stone Soup version 0.22-a0-833-g8522bf8 (webtiles) character file.

1827 KristoblXynda the Fighter (level 9, -5/97 HPs)
             Began as an Ogre Berserker on July 25, 2018.
             Was an Elder of Trog.
             Slain by a wight
             ... wielding a +5 halberd
              (15 damage)
             ... on level 6 of the Dungeon.
             The game lasted 00:10:29 (6779 turns).

KristoblXynda the Fighter (Ogre Berserker)          Turns: 6779, Time: 00:10:30

Health: -5/97      AC:  0    Str: 26    XL:     9   Next: 11%
Magic:  9/9        EV: 11    Int:  9    God:    Trog [****..]
Gold:   153        SH:  0    Dex: 10    Spells: 8/8 levels left

rFire    . . .     SeeInvis +   h - +1 flail (drain)
rCold    . . .     Gourm    .   (no shield)
rNeg     . . .     Faith    .   x - +1 robe of Brilliance {-Cast +Blink Str+3 SInv}
rPois    .         Spirit   .   (helmet restricted)
rElec    .         Reflect  .   (no cloak)
rCorr    .         Harm     .   (gloves unavailable)
MR       .....     NoCast   +   (boots unavailable)
Stlth    +.........             n - amulet of the acrobat
HPRegen  0.26/turn              v - -4 ring of protection (curse)
MPRegen  0.11/turn              (no ring)

@: berserk cooldown, slowed, heavily drained, very slow
A: large, unfitting armour, tough skin 1
a: Berserk, Trog's Hand, Brothers in Arms, Renounce Religion, Evoke Blink


You were on level 6 of the Dungeon.
You worshipped Trog.
Trog was greatly pleased with you.
You were hungry.

You visited 1 branch of the dungeon, and saw 6 of its levels.

You collected 312 gold pieces.
You spent 159 gold pieces at shops.

Inventory:

Hand Weapons
 b - a +1 war axe of flaming
 h - a +1 flail of draining (weapon)
 m - a +0 giant club
 y - a cursed +3 dire flail
Missiles
 t - 8 javelins of penetration (quivered)
Armour
 u - a +2 robe of fire resistance
 x - the +1 robe of Brilliance (worn) {-Cast +Blink Str+3 SInv}
   (You found it on level 5 of the Dungeon)

   It affects your strength (+3).
   It lets you see invisible.
   It lets you blink.
   It prevents spellcasting.
Jewellery
 a - an uncursed amulet of regeneration {unknown}
 n - an amulet of the acrobat (around neck)
 v - a cursed -4 ring of protection (left hand)
Wands
 w - a wand of polymorph (14)
Scrolls
 d - a scroll of teleportation
 g - 2 scrolls of immolation
 i - 3 scrolls of enchant weapon
 l - a scroll of magic mapping
Potions
 e - 2 potions of lignification {unknown}
 f - a potion of might
 j - a potion of brilliance {unknown}
 k - a potion of magic {unknown}
 o - a potion of cancellation {unknown}
 p - 2 potions of flight
 q - 2 potions of curing
 r - a potion of agility {unknown}
 s - 2 potions of berserk rage {unknown}
Comestibles
 c - 15 rations
 z - 3 chunks of flesh


   Skills:
 + Level 8.5(7.2) Fighting
 * Level 8.0(6.7) Maces & Flails
 + Level 5.9(4.7) Dodging


You had 8 spell levels left.
You didn't know any spells.
Your spell library was empty.

Dungeon Overview and Level Annotations

Branches:
Dungeon (6/15)             Temple (0/1) D:4

Altars:
Ashenzari
Cheibriados
Elyvilon
Kikubaaqudgha
Trog
Uskayaw
Vehumet
Xom

Shops:
D:5 (


Innate Abilities, Weirdness & Mutations

You are too large for most types of armour.
You have tough skin. (AC +1)


Message History

The wight hits you with an enchanted halberd!
You sock the wight!
The wight is severely damaged.
The wight barely misses you.
You hit the wight but do no damage.
The wight is severely damaged.
The wight hits you with an enchanted halberd!
You feel drained.
The wight hits you with an enchanted scimitar!
You feel drained. The wight completely misses you.
You sock the wight!
You destroy the wight!
Trog accepts your kill.
Your base Maces & Flails skill increases to level 8!
The wight hits you with an enchanted halberd!
* * * LOW HITPOINT WARNING * * *
You feel drained.
* * * LOW HITPOINT WARNING * * *
The wight hits you with an enchanted halberd!
You die...

......####.....#
....#..........#
.........#.....#
......)....[...#
...............#
...#####################
...#..................[#
....#...#..)#..z#...#..#
...........[....@)..[._#
...##...#...#...#...#..#
####...................#
#####################


You could see a wight.

Vanquished Creatures
  Grinder (D:4)
  Edmund (D:4)
  Duvessa (D:5)
  An ice beast (D:5)
  A phantom (D:5)
  2 ogres
  A centaur (D:5)
  Blork the orc (D:4)
  Dowan (D:5)
  3 wights (D:6)
  A howler monkey (D:5)
  2 crimson imps (D:5)
  A jelly (D:5)
  2 hounds
  5 orc priests
  A worker ant (D:5)
  Natasha (thrice) (D:3)
  2 orc wizards
  A howler monkey skeleton (D:5)
  14 adders
  3 oozes
  2 adder skeletons
  3 worms
  2 dart slugs
  A leopard gecko (D:1)
  17 orcs
  4 giant cockroaches
  8 goblins
  11 hobgoblins
  11 jackals
  9 kobolds
  7 quokkas
  A ball python (D:3)
  7 bats
  4 frilled lizards
  A jackal skeleton (D:5)
  A quokka zombie (D:5)
  2 rats
139 creatures vanquished.

Notes
Turn   | Place    | Note
-------+----------+-------------------------------------------
     0 | D:1      | KristoblXynda the Ogre Berserker began the quest for the Orb.
     0 | D:1      | Reached XP level 1. HP: 24/24 MP: 1/1
    65 | D:1      | Reached XP level 2. HP: 16/32 MP: 2/2
   458 | D:1      | Found a shattered altar of Ashenzari.
   691 | D:1      | Reached XP level 3. HP: 39/40 MP: 3/3
  1268 | D:2      | Reached ** piety under Trog
  1311 | D:2      | Reached XP level 4. HP: 43/49 MP: 4/4
  1314 | D:2      | Found a white marble altar of Elyvilon.
  1443 | D:2      | Found a bloodstained altar of Trog.
  1460 | D:2      | Found a hide-covered altar of Uskayaw.
  1472 | D:2      | Found an ancient bone altar of Kikubaaqudgha.
  1980 | D:2      | Reached skill level 5 in Fighting
  1980 | D:2      | Reached XP level 5. HP: 28/57 MP: 5/5
  2221 | D:2      | Found a snail-covered altar of Cheibriados.
  3044 | D:3      | Noticed Natasha
  3054 | D:3      | Killed Natasha
  3062 | D:3      | Noticed Natasha
  3071 | D:3      | Killed Natasha
  3165 | D:3      | Reached XP level 6. HP: 66/66 MP: 6/6
  3173 | D:3      | Noticed Natasha
  3195 | D:3      | Killed Natasha
  3533 | D:3      | Reached skill level 5 in Maces & Flails
  3596 | D:3      | Reached *** piety under Trog
  3767 | D:4      | Found a staircase to the Ecumenical Temple.
  3777 | D:4      | Noticed Edmund
  3787 | D:4      | Killed Edmund
  3787 | D:4      | Reached XP level 7. HP: 75/75 MP: 7/7
  4607 | D:4      | Noticed Blork the orc
  4616 | D:4      | Killed Blork the orc
  4791 | D:4      | Noticed Grinder
  4799 | D:4      | Paralysed by Grinder for 6 turns
  4806 | D:4      | Killed Grinder
  4806 | D:4      | Reached XP level 8. HP: 87/87 MP: 8/8
  4894 | D:4      | Reached skill level 5 in Dodging
  5052 | D:5      | Entered Level 5 of the Dungeon
  5208 | D:5      | Found a radiant altar of Vehumet.
  5230 | D:5      | Noticed Dowan
  5231 | D:5      | Noticed Duvessa
  5241 | D:5      | Killed Dowan
  5254 | D:5      | Killed Duvessa
  5802 | D:5      | Found Haugeg's Weapon Boutique.
  5809 | D:5      | Bought a +1 war axe of flaming for 159 gold pieces
  5904 | D:5      | Reached **** piety under Trog
  6515 | D:5      | Reached XP level 9. HP: 74/96 MP: 9/9
  6589 | D:5      | Got an ancient robe
  6600 | D:5      | Identified the +1 robe of Brilliance {-Cast +Blink Str+3 SInv} (You found it on level 5 of the Dungeon)
  6768 | D:6      | Found a shimmering altar of Xom.
  6779 | D:6      | Slain by a wight

Vault maps used:
D:1:      dpeg_arrival_lava_temple_mockup, evilmike_ruin_ashenzari
D:2:      grunt_temple_overflow_cloverleaf, marbit_many_paths
D:3:      cheibrodos_helix_gallery, first_ration, corexii_shack, uniq_natasha
D:4:      minmay_temple_entry_metal_lava, uniq_grinder, uniq_edmund,
          uniq_blork_the_orc
D:5:      overflow_temple_1_default, serial_shops, shop, skrybe_limestone_x,
          uniq_duvessa
D:6:      lemuel_coloured_pillars_altar

Skill      XL: |  1  2  3  4  5  6  7  8  9 |
---------------+----------------------------+-----
Maces & Flails | 3 4 5 6 7 8 |  8.0
Dodging        | 3 4 5 |  5.9
Fighting       | 5 6 7 8 |  8.5

Action                   |  1- 3 |  4- 6 |  7- 9 || total
-------------------------+-------+-------+-------++-------
Melee: Mace              |    91 |   121 |       ||   212
       Flail             |       |    83 |   190 ||   273
Invok: Berserk           |     1 |     2 |     4 ||     7
       Trog's Hand       |       |       |     1 ||     1
  Use: Scroll            |       |     7 |     4 ||    11
       Potion            |       |     2 |       ||     2
  Eat: Chunk             |     2 |     6 |    14 ||    22
       Ration            |       |     1 |       ||     1
Armor: Animal skin       |    34 |    54 |    12 ||   100
       Robe              |       |       |    13 ||    13
Dodge: Dodged            |    61 |   155 |   127 ||   343

Table legend:
 A = Spawn XP
 B = Non-spawn XP
 C = Spawn XP percentage of total XP
 D = Spawn monster count
 E = Non-spawn monster count
 F = Spawn count percentage of total count
 G = Total turns spent on level
                    A         B        C        D         E        F      G
               +---------+---------+-------+---------+---------+-------+---------
         Total |       0 |    2610 |   0.0 |       0 |     139 |   0.0 |  6779
               +---------+---------+-------+---------+---------+-------+---------
           D:1 |       0 |      44 |   0.0 |       0 |      21 |   0.0 |  1243
           D:2 |       0 |     167 |   0.0 |       0 |      23 |   0.0 |  1431
           D:3 |       0 |     338 |   0.0 |       0 |      37 |   0.0 |  1085
           D:4 |       0 |     833 |   0.0 |       0 |      23 |   0.0 |  1293
           D:5 |       0 |    1018 |   0.0 |       0 |      25 |   0.0 |  1576
           D:6 |       0 |     210 |   0.0 |       0 |      10 |   0.0 |   151
               +---------+---------+-------+---------+---------+-------+---------
